 Dungeon Crawl Stone Soup version 0.28-a0-1374-ga75cb3825e (webtiles) character file.

Game seed: 3777904272377069215

69 fragbeetle the Chopper (level 4, 0/37 HPs)
             Began as a Palentonga Cinder Acolyte on Dec 31, 2021.
             Was a High Priest of Ignis.
             Succumbed to a scorpion's poison
             ... on level 4 of the Dungeon.
             The game lasted 00:06:23 (2795 turns).

fragbeetle the Chopper (Palentonga Cinder Acolyte)  Turns: 2795, Time: 00:06:23

Health: 0/37       AC:  4    Str: 18    XL:     4   Next: 2%
Magic:  3/6        EV:  9    Int: 14    God:    Ignis [*****.]
Gold:   93         SH:  0    Dex:  7    Spells: 4/6 levels left

rFire   + . .      SeeInvis +   r - +0 whip (elec)
rCold   . . .      Faith    .   (no shield)
rNeg    . . .      Spirit   .   h - +0 leather armour
rPois   .          Reflect  .   (no helmet)
rElec   .          Harm     .   (no cloak)
rCorr   .          Rampage  .   (no gloves)
Will    .....                   (no barding)
Stlth   +.........              (no amulet)
HPRegen 0.12/turn               (no ring)
MPRegen 0.10/turn               (no ring)

@: lethally poisoned (0 -> -15), attractive
A: large, rugged brown scales 3, see invisible, deformed body, roll 1, armoured
tail
a: Rolling Charge, Renounce Religion, Fiery Armour, Foxfire Swarm, Rising Flame


You were on level 4 of the Dungeon.
You worshipped Ignis.
Ignis was extremely pleased with you.
You visited 1 branch of the dungeon, and saw 4 of its levels.

You collected 93 gold pieces.

Inventory:

Hand Weapons
 a - a -1 hand axe of flaming
 c - a +3 hunting sling
 f - a +0 mace
 r - a +0 whip of electrocution (weapon)
Missiles
 d - 32 stones
 l - 4 javelins
Armour
 h - a +0 leather armour (worn)
Jewellery
 o - a +4 ring of protection
Wands
 t - a wand of paralysis (8)
Scrolls
 e - a scroll of blinking {unknown}
 j - 3 scrolls of acquirement {unknown}
 m - 3 scrolls of identify {unknown}
 n - a scroll of teleportation {unknown}
 s - a scroll of enchant armour {unknown}
Potions
 b - a potion of lignification {unknown}
 g - a potion of mutation {unknown}
 i - a potion of attraction
 k - a potion of curing {unknown}
 p - a potion of cancellation {unknown}
 q - a potion of resistance {unknown}


   Skills:
 + Level 3.4 Fighting
 - Level 3.4 Axes
 + Level 0.0(2.0) Maces & Flails
 + Level 1.2 Dodging
 + Level 1.7 Spellcasting
 + Level 2.8 Fire Magic


You had 4 spell levels left.
You knew the following spells:

 Your Spells              Type           Power      Damage    Failure   Level
a - Scorch                Fire           18%        2d5       14%         2

Your spell library contained the following spells:

 Spells                   Type           Power      Damage    Failure   Level
 Static Discharge         Conj/Air       1%         N/A       41%         2
 Sticky Flame             Conj/Fire      5%         2d3       85%         4
 Dispel Undead            Necr           1%         3d6       96%         4


Dungeon Overview and Level Annotations

Branches:
Dungeon (4/15)
 Temple: D:4-7

Altars:
Sif Muna

Annotations:
D:2 Sigmund


Innate Abilities, Weirdness & Mutations

You are completely covered in rugged brown scales. (AC +3, +7% HP)
You have supernaturally acute eyesight. (SInv)
Armour fits poorly on your strangely shaped body.
You can roll at nearby foes to attack.
You have a long armoured tail.


Message History

You feel sick.
The scorpion is no longer more vulnerable to fire.
The scorpion stings you but does no damage.
You closely miss the scorpion.
The scorpion is lightly wounded.
You feel sick.
The kobold is no longer more vulnerable to fire.
The scorpion misses you.
You closely miss the scorpion.
The scorpion is lightly wounded.
You feel sick. The scorpion barely misses you.
You hit the scorpion but do no damage. Lightning courses through the scorpion!
The scorpion is severely wounded.
You feel sick. The scorpion stings you.
You are more poisoned.
The scorpion poisons you!
You hit the scorpion.
The scorpion is severely wounded.
You feel very sick. The scorpion closely misses you.
The scorpion completely misses you.
You hit the scorpion.
The scorpion is almost dead.
You feel very sick.
The scorpion stings you but does no damage.
You hit the scorpion but do no damage.
You tail-slap the scorpion, but do no damage.
The scorpion is almost dead.
You feel sick. The scorpion stings you.
* * * LOW HITPOINT WARNING * * *
You are lethally poisoned!
The scorpion poisons you!
It was a potion of attraction.
You feel attractive to monsters.
* * * LOW HITPOINT WARNING * * *
You feel very sick. The scorpion stings you.
* * * LOW HITPOINT WARNING * * *
You hit the scorpion but do no damage.
Your tail-slap misses the scorpion.
The scorpion is severely wounded.
You die...

... ## ..
.###. .#.##
#!..# .
#####...# #
..#...#...#
.#
#.....#s###.#
##...###@..##
#.###.#.....#
#.## .
#...#...#...#
#...
#...##### ..#
##..# .
#...#...#...#
....#
#.###.#.....#
....#
##...###...##
....#
#.....#.###.#
....#
#.#...#...#
.#


You could see a scorpion.

Vanquished Creatures
  An adder (D:2)
  3 dart slugs
  3 orcs
  2 bats (D:3)
  7 endoplasms
  5 goblins
  7 hobgoblins
  6 kobolds
  A quokka (D:2)
  3 ball pythons
  4 frilled lizards
  5 rats
47 creatures vanquished.

Notes
Turn   | Place    | Note
-------+----------+-------------------------------------------
     0 | D:1      | fragbeetle the Palentonga Cinder Acolyte began the quest
                  | for the Orb.
     0 | D:1      | Reached XP level 1. HP: 19/19 MP: 2/2
    94 | D:1      | Reached XP level 2. HP: 14/25 MP: 3/3
   254 | D:1      | Learned a level 2 spell: Scorch
   718 | D:1      | Found a faded altar of an unknown god.
  1058 | D:1      | Reached XP level 3. HP: 31/31 MP: 5/5
  1575 | D:2      | Noticed Sigmund
  1798 | D:2      | Reached skill level 1 in Dodging
  2641 | D:3      | Found a shimmering blue altar of Sif Muna.
  2716 | D:4      | Reached XP level 4. HP: 31/37 MP: 6/6
  2781 | D:4      | Noticed a scorpion
  2795 | D:4      | Succumbed to a scorpion's poison

Illustrated notes

Levels and vault maps discovered:
D:1:      dpeg_arrival_shrine, layout_basic,
          shapermc_ecumenical_altar_notcrosses, minmay_pentomino_u2
D:2:      minmay_evil_eye, layout_basic, uniq_sigmund
D:3:      layout_rooms, led_sif_pool, serial_co_window_serial,
          co_window_cross_1, co_window_corner_a, co_window_corner_a,
          co_window_corner_a, co_window_corner_a, co_window_cross_4,
          co_window_broadway_c, co_window_corner_b, co_window_broadway_c
D:4:      nicolae_cairo_tiling, layout_basic,
          minmay_temple_entry_enclosed_plants

Skill      XL: |  1  2  3 |
---------------+----------+-----
Dodging        | 1 |  1.2
Fighting       | |  3.4
Axes           | |  3.4
Spellcasting   | |  1.7
Fire Magic     | |  2.8

Action                   |  1- 3 |  4- 6 || total
-------------------------+-------+-------++-------
Melee: Hand axe          |   101 |       ||   101
       Tailslap          |     9 |     1 ||    10
       Whip              |     4 |     8 ||    12
 Cast: Scorch            |     9 |     2 ||    11
  Use: Potion            |       |     1 ||     1
Armor: Robe              |    12 |       ||    12
       Leather armour    |    28 |     2 ||    30
Dodge: Dodged            |    45 |     4 ||    49

Table legend: (Time is in decaauts)
 A = Elapsed time spent in this place.
 B = Non-inter-level travel time spent in this place.
 C = Inter-level travel time spent in this place.
 D = Time resting spent in this place.
 E = Time spent auto-exploring this place.
 F = Levels seen in this place.
 G = Mean time per level.
                   A        B        C        D        E       F      G
               +--------+--------+--------+--------+--------+-----+--------+
         Total |   2810 |   2729 |     81 |    373 |   1495 |   4 |  702.5 |
       Dungeon |   2810 |   2729 |     81 |    373 |   1495 |   4 |  702.5 |
               +--------+--------+--------+--------+--------+-----+--------+

Top non-repeatable levels by time:
     D:1: 1342 daAuts
     D:3: 831 daAuts
     D:2: 529 daAuts
     D:4: 107 daAuts
